Description

This build order is really strong against most of standard playstyle. You open with a standard 2-Gates sentry/stalker expand then you add the robotic. After scouting your opponent, add your twilight council to reach a timing attack at 6.30 and hide your gates on the map.

Notes :

  • Stay on a standard build order as long as possible to don't show your build order too soon. The opponent will have less time to react
  • Keep in mind that you will be scout. At the moment, PvP is reactive oriented with many scout
  • Don't take the gas on your natural
  • Hide as much gates as possible on the map (but keep at least 4 in your base to not be to suspect)
  • The 6,30min mark timing is really strong: If your opponent did an expand: You win.
  • Against distruptors don't forget to split your army

VOD

https://youtu.be/3RguNiTJ4Y0

Replay - PvP zealot charge all-in

Build Order

Get SALT Encoding   

  12  0:00  Probe  
  13  0:12  Probe  
  14  0:17  Pylon  
  14  0:21  Probe  
  15  0:31  Probe  
  16  0:38  Gateway  
  16  0:41  Probe  
  16  0:47  Assimilator  
  17  0:53  Probe  
  17  0:55  Assimilator  
  18  1:01  Probe  
  18  1:09  Probe  
  19  1:15  Gateway  
  20  1:20  Probe  
  21  1:28  Cybernetics Core  
  21  1:32  Probe  
  22  1:40  Pylon  
  23  1:58  Warp Gate  
  24  2:06  Sentry, Stalker  
  28  2:23  Pylon  
  28  2:35  Nexus  
  28  2:44  Stalker  
  28  2:50  Stalker  
  32  3:01  Robotics Facility  
  33  3:23  Twilight Council  
  34  3:32  Pylon  
  35  3:40  Charge  
  37  4:00  Immortal  
  46  4:27  Gateway  
  47  4:33  Gateway  
  47  4:36  Stalker  
  48  4:43  Warp Prism  
  48  4:48  Gateway x2  
  48  5:02  Gateway  
  48  5:06  Zealot x2  
  52  5:19  Observer  
  53  5:22  Zealot  
  53  5:26  Pylon  
  55  5:29  Zealot x3  
  61  5:54  Zealot x4  
Spawning Tool Build Advisor. Get it on Overwolf

Go to:

Details

  • Created by: zuka      
  • Published on: Apr 05, 2019
  • Modified on: Apr 05, 2019
  • Patch: 4.7.1
Show
View Real Time Build Order
Export as new Build Order

Comments (0)

There are no comments. Be the first!

Create an account to comment!